 Dungeon Crawl Stone Soup version 0.20-a0-871-g785f14b (webtiles) character file.

18 tarabluh the Poker (level 2, 22/22 HPs)
             Began as a Merfolk Gladiator on Mar 14, 2017.
             Was a Follower of Vehumet.
             Quit the game on level 2 of the Dungeon.
             The game lasted 00:01:39 (1162 turns).

tarabluh the Poker (Merfolk Gladiator)              Turns: 1162, Time: 00:01:40

Health: 22/22      AC:  4    Str: 14    XL:     2   Next: 66%
Magic:  2/2        EV: 14    Int:  7    God:    Vehumet [*.....]
Gold:   16         SH:  0    Dex: 15    Spells: 1/1 levels left

rFire    . . .     SeeInvis .   a - +0 trident
rCold    . . .     Gourm    .   b - +0 leather armour
rNeg     . . .     Faith    .   (no shield)
rPois    .         Spirit   .   o - +0 helmet
rElec    .         Reflect  .   (no cloak)
rCorr    .         Harm     .   (no gloves)
MR       .....                  (no boots)
Stlth    +.........             (no amulet)
Regen    0.1/turn               (no ring)
MPRegen  0.1/turn               (no ring)

@: no status effects
A: change form in water, swift swim, stealthy swim
a: Renounce Religion


You were on level 2 of the Dungeon.
You worshipped Vehumet.
Vehumet was aware of your devotion.
You were hungry.

You visited 1 branch of the dungeon, and saw 2 of its levels.

You collected 16 gold pieces.

Inventory:

Hand Weapons
 a - a +0 trident (weapon)
Missiles
 d - 3 throwing nets (quivered)
 n - 38 stones
Armour
 b - a +0 leather armour (worn)
 c - a +0 helmet
 o - a +0 helmet (worn)
Scrolls
 e - 2 scrolls of enchant armour {unknown}
 h - a scroll of identify {unknown}
 i - a scroll of remove curse {unknown}
 j - a scroll of magic mapping {unknown}
 l - a scroll of enchant weapon {unknown}
 m - a scroll of teleportation {unknown}
Potions
 g - a potion of cancellation {unknown}
 k - a potion of heal wounds {unknown}
Comestibles
 f - 2 bread rations


   Skills:
 - Level 2.1 Fighting
 * Level 5.7 Polearms
 - Level 2.0 Throwing
 - Level 4.0 Dodging


You had one spell level left.
You didn't know any spells.

Dungeon Overview and Level Annotations

Branches:
Dungeon (2/15)

Altars:
Vehumet


Message History

You finish taking off your +0 helmet.
You start putting on your armour.
You continue putting on your helmet. x5
You finish putting on your +0 helmet.
Found a scroll labeled FIOWNU JEOVO.
Found 13 gold pieces.
There is a faded altar of an unknown god here.
You cannot tell which god this altar belongs to.
Convert to them anyway?
Okay, then.
Found a scroll labeled RUMIXT FELYH.
There is a faded altar of an unknown god here.
Unknown command.
Press < or > to pray at altars.
You cannot tell which god this altar belongs to.
Convert to them anyway? [Y]es or [N]o only, please.
You cannot tell which god this altar belongs to.
Convert to them anyway?
Vehumet accepts your prayer! Vehumet welcomes you!
You can now gain magical power from killing.
Vehumet offers you knowledge of Sandblast.
Are you sure you want to abandon this character and quit the game? (Confirm with "yes".)

#...## ######
########.#.#####.......
#.........≈≈≈.≈..≈≈...#
#........≈≈≈≈≈≈..≈..≈$#
#.........≈≈≈≈≈≈≈≈≈≈≈≈#
#..........≈≈≈≈≈≈≈≈≈..#
#..........≈≈≈≈≈≈≈≈≈?≈#
#..........≈≈≈..?≈≈≈..#
#..........≈≈≈.@♣≈≈≈.?
#..........≈≈≈≈♣≈≈≈≈.≈#
#........≈.≈≈≈≈≈≈≈≈≈≈.#
#........≈≈≈≈≈≈≈≈≈≈≈≈.#
#########..≈≈≈≈≈≈≈≈≈≈.#
#≈≈..≈.≈≈.....#
#≈..≈.≈..≈≈≈≈.#
###############


There were no monsters in sight!

Vanquished Creatures
  A leopard gecko (D:1)
  2 goblins (D:1)
  4 jackals (D:1)
  3 bats (D:1)
  3 kobolds (D:1)
  2 rats (D:1)
15 creatures vanquished.

Notes
Turn   | Place    | Note
-------+----------+-------------------------------------------
     0 | D:1      | tarabluh the Merfolk Gladiator began the quest for the Orb.
     0 | D:1      | Reached XP level 1. HP: 16/16 MP: 1/1
   109 | D:1      | Reached skill level 5 in Polearms
   126 | D:1      | Reached XP level 2. HP: 18/22 MP: 2/2
  1130 | D:2      | Found a faded altar of an unknown god.
  1161 | D:2      | Became a worshipper of Vehumet
  1161 | D:2      | Reached * piety under Vehumet
  1161 | D:2      | Offered knowledge of Sandblast by Vehumet.
  1162 | D:2      | Quit the game

Vault maps used:
D:1:      tarquinn_simple_flora_water_d
D:2:      lemuel_round_altar, first_bread, chequers_ecumenical_altar_island

Skill      XL: |  1 |
---------------+----+-----
Polearms       | 5 |  5.7
Fighting       | |  2.1
Throwing       | |  2.0
Dodging        | |  4.0

Action                   || total
-------------------------++-------
Melee: Trident           ||    60
 Stab: Sleeping          ||     2
Armor: Leather armour    ||    13
Dodge: Dodged            ||    52
